 Dungeon Crawl Stone Soup version 0.16-a0-1167-g3157814 (webtiles) character file.

1102 Ratboiler the Conjurer (level 8, 0/41 HPs)
             Began as a Deep Elf Conjurer on Oct 9, 2014.
             Was a Follower of Ru.
             Slain by Prince Ribbit (5 damage)
             ... on level 5 of the Dungeon.
             The game lasted 00:25:52 (6077 turns).

Ratboiler the Conjurer (Deep Elf Conjurer)          Turns: 6077, Time: 00:25:52

Health: 0/41       AC:  6    Str:  5    XL:     8   Next: 10%
Magic:  1/23       EV: 13    Int: 25    God:    Ru [*.....]
Gold:   256        SH:  0    Dex: 15    Spells: 3 memorised, 6 levels left

rFire  . . .     SeeInvis .     a - +4 war axe "Plog" {venom, rElec rPois MR+ Int+2}
rCold  . . .     Clarity  .     x - +0 robe
rNeg   . . .     SustAb   +     (no shield)
rPois  +         Gourm    .     (no helmet)
rElec  +         Spirit   .     w - +1 cloak
rCorr  .         Warding  .     r - +0 pair of gloves (curse)
rMut   .         Stasis   .     i - +0 pair of boots
MR     +....                    (no amulet)
Stlth  ++........               (no ring)
                                z - ring of sustain abilities

@: flying, somewhat resistant to hostile enchantments, unstealthy
A: hated by all
a: Renounce Religion


You were on level 5 of the Dungeon.
You worshipped Ru.
Ru was aware of your devotion.
You were very hungry.

You visited 1 branch of the dungeon, and saw 5 of its levels.
You also visited: Sewer.

You collected 256 gold pieces.

Inventory:

Hand weapons
 a - the +4 war axe "Plog" (weapon) {venom, rElec rPois MR+ Int+2}
   (You found it on level 5 of the Dungeon)

   It poisons the flesh of those it strikes.
   It affects your intelligence (+2).
   It insulates you from electricity.
   It protects you from poison.
   It affects your resistance to hostile enchantments.
 E - a +1 morningstar of venom
Armour
 i - a +0 pair of boots (worn)
 r - a cursed +0 pair of gloves (worn)
 w - a +1 cloak (worn)
 x - a +0 robe (worn)
Magical devices
 D - a wand of lightning (3)
Comestibles
 b - a bread ration
 l - 5 meat rations
 o - 2 chunks of quokka flesh
Scrolls
 d - 4 scrolls of identify {unknown}
 e - 3 scrolls of magic mapping {unknown}
 g - 2 scrolls of immolation {unknown}
 h - a scroll of fog {unknown}
 m - 2 scrolls of noise {unknown}
 t - a scroll of amnesia {unknown}
 u - 2 scrolls of blinking {unknown}
 v - a scroll of fear {unknown}
 y - a scroll of remove curse {unknown}
 A - a scroll of silence {unknown}
 C - a scroll of recharging {unknown}
 H - 2 scrolls of teleportation {unknown}
Jewellery
 z - a ring of sustain abilities (left hand)
Potions
 f - 2 potions of cancellation {unknown}
 j - 2 potions of haste {unknown}
 k - 4 potions of flight
 n - 3 potions of curing
 p - 2 potions of lignification {unknown}
 q - a potion of mutation {unknown}
 s - a potion of poison {unknown}
 B - a potion of heal wounds {unknown}
 G - 2 potions of might {unknown}
 I - a potion of magic {unknown}
Books
 c - a book of Conjurations

   Spells                             Type                      Level
   *Magic Dart                        Conjuration                  1
   Searing Ray                        Conjuration                  2
   *Dazzling Spray                    Conjuration/Hexes            3
   Fulminant Prism                    Conjuration/Hexes            4
   Iskenderun's Mystic Blast          Conjuration                  4
   *Iskenderun's Battlesphere         Conjuration/Charms           5


   Skills:
 - Level 2.4 Dodging
 - Level 2.4 Stealth
 - Level 4.4 Spellcasting
 - Level 10.0 Conjurations
 * Level 5.5 Charms


You had 6 spell levels left.
You knew the following spells:

 Your Spells              Type           Power        Failure   Level  Hunger
a - Magic Dart            Conj           ####         1%          1    None
b - Dazzling Spray        Conj/Hex       ####....     3%          3    ##.....
c - Iskenderun's Battles  Conj/Chrm      #####...     12%         5    #####..


Dungeon Overview and Level Annotations

Branches:
Dungeon (5/15)             Temple (0/1) D:4

Altars:
Kikubaaqudgha
Nemelex Xobeh
Ru
Zin

Annotations:
D:5 Prince Ribbit


Innate Abilities, Weirdness & Mutations

You are hated by all.


Message History

* * * LOW HITPOINT WARNING * * *
Drink which item? (? for menu, Esc to quit)
Okay, then.
Read which item? (? for menu, Esc to quit)
Okay, then.
Drink which item? (? for menu, Esc to quit)
You feel better.
It was a potion of curing.
Prince Ribbit barely misses you.
The gnoll is stunned by your will and fails to attack.
Drink which item? (? for menu, Esc to quit)
You feel better. Prince Ribbit hits you! The gnoll hits you with a flail.
The gnoll barely misses you. Prince Ribbit hits you!
* * * LOW HITPOINT WARNING * * *
Drink which item? (? for menu, Esc to quit)
You feel better. Prince Ribbit hits you!
* * * LOW HITPOINT WARNING * * *
The gnoll barely misses you. The gnoll misses you.
Drink which item? (? for menu, Esc to quit)
You feel very buoyant.
You fly up into the air.
It was a potion of flight.
Prince Ribbit hits you.
You die...

#.# #....# #....#..... #.#
#....# #....#...... #.#
#....# #....#....... #.#
###≈## #............. #)#
#≈# #...#.........
#.#####≈####...#.....F...
#.#...#≈#.g.g..))......g..
#.#...#≈#g###..#.?........
#.#...#≈#@###..##'#.......
#.#...#≈#F#....##.# ...F.
#.#.# #.#'#.##.#..# .g..
#...# #≈#...##.#..#.. ..g
###.#####...##.#.....? g
###'##.#...............
#...........##.#..#.##
#....................
#.........#.##.#..#..#


You could see Prince Ribbit and 2 gnolls.

Vanquished Creatures
  A slave (D:5)
  A phantom (D:4)
  An ogre (D:5)
  Duvessa (D:4)
  A crimson imp (D:5)
  Dowan (D:4)
  A centaur zombie (D:3)
  4 hounds
  A gnoll shaman (D:5)
  An orc priest (D:3)
  2 orc wizards (D:3)
  6 worker ants
  Natasha (thrice) (D:4)
  An iguana (D:5)
  Terence (D:3)
  A mummy (D:5)
  7 adders
  6 gnolls
  2 giant mites
  2 green rats (Sewer)
  3 worms
  4 giant geckos
  An ooze (D:3)
  7 orcs
  13 bats
  14 hobgoblins
  3 jackals (D:3)
  2 quokkas
  6 ball pythons (Sewer)
  2 giant cockroaches
  4 giant newts
  6 goblins
  17 kobolds
  An orc skeleton (D:4)
  15 rats
142 creatures vanquished.

Notes
Turn   | Place    | Note
--------------------------------------------------------------
     0 | D:1      | Ratboiler, the Deep Elf Conjurer, began the quest for the Orb.
     0 | D:1      | Reached XP level 1. HP: 10/10 MP: 5/5
   207 | D:1      | Reached XP level 2. HP: 15/15 MP: 3/8
   226 | D:1      | Reached skill level 5 in Conjurations
   439 | D:1      | Reached XP level 3. HP: 19/19 MP: 3/10
   501 | D:1      | Learned a level 3 spell: Dazzling Spray
  1043 | D:2      | Reached skill level 6 in Conjurations
  1131 | D:2      | Reached XP level 4. HP: 24/24 MP: 0/13
  1428 | D:2      | Found a sacrificial altar of Ru.
  1828 | D:2      | Became a worshipper of Ru the Awakened
  1839 | D:3      | Noticed Terence
  1847 | D:3      | Killed Terence
  2246 | D:3      | Reached skill level 7 in Conjurations
  2246 | D:3      | Reached XP level 5. HP: 14/28 MP: 6/16
  2867 | D:3      | Reached skill level 8 in Conjurations
  2871 | D:3      | Reached XP level 6. HP: 20/32 MP: 14/18
  3275 | D:4      | Noticed Natasha
  3283 | D:4      | Killed Natasha
  3587 | D:4      | Noticed Natasha
  3590 | D:4      | Killed Natasha
  3621 | D:4      | Noticed Duvessa
  3625 | D:4      | Noticed Dowan
  3771 | D:4      | Reached skill level 9 in Conjurations
  3875 | D:4      | Noticed Natasha
  3882 | D:4      | Killed Natasha
  4040 | D:4      | Reached XP level 7. HP: 33/36 MP: 16/20
  4146 | D:4      | Found a glowing silver altar of Zin.
  4146 | D:4      | Noticed an angel
  4315 | D:4      | Gained mutation: You are hated by all. [Ru sacrifice]
  4315 | D:4      | Acquired Ru's first power
  4492 | D:4      | Found a staircase to the Ecumenical Temple.
  4549 | D:4      | Found an ancient bone altar of Kikubaaqudgha.
  4558 | D:4      | Found a sparkling altar of Nemelex Xobeh.
  4814 | D:4      | Killed Duvessa
  4820 | D:4      | Killed Dowan
  5040 | D:5      | Entered Level 5 of the Dungeon
  5044 | D:5      | Reached skill level 10 in Conjurations
  5296 | D:5      | Got a dazzling war axe
  5441 | D:5      | Found a glowing drain.
  5456 | Sewer    | Entered a sewer
  5538 | Sewer    | Identified the +4 war axe "Plog" {venom, rElec rPois MR+ Int+2} (You found it on level 5 of the Dungeon)
  5565 | Sewer    | Learned a level 5 spell: Iskenderun's Battlesphere
  5666 | Sewer    | Reached skill level 1 in Charms
  5875 | D:5      | Reached XP level 8. HP: 41/41 MP: 8/23
  6052 | D:5      | Noticed Prince Ribbit
  6059 | D:5      | Reached skill level 5 in Charms
  6077 | D:5      | Slain by Prince Ribbit

Action                   |  1- 3 |  4- 6 |  7- 9 || total
-------------------------+-------+-------+-------++-------
Melee: Mace              |     8 |    16 |       ||    24
       Morningstar       |       |    86 |    44 ||   130
       War axe           |       |       |    27 ||    27
 Cast: Magic Dart        |    64 |    57 |    61 ||   182
       Dazzling Spray    |     6 |    42 |    40 ||    88
       Iskenderun's Batt |       |       |     2 ||     2
Invok: Sacrifice Love    |       |       |     1 ||     1
  Use: Potion            |       |       |     4 ||     4
 Stab: Invisible         |       |     3 |     3 ||     6
       Sleeping          |       |     1 |       ||     1
  Eat: Chunk             |     1 |    12 |     5 ||    18
       Beef jerky        |       |     1 |       ||     1
       Bread ration      |       |       |     1 ||     1
